 Dungeon Crawl Stone Soup version 0.27-a0-277-g024f7ef292 (webtiles) character file.

Game seed: 12238814549510138913

7006 Borgoz the Fighter (level 11, -1/71 HPs)
             Began as a Gargoyle Berserker on Feb 5, 2021.
             Was a High Priest of Trog.
             Slain by a wolf (4 damage)
             ... on level 10 of the Dungeon.
             The game lasted 00:11:19 (10796 turns).

Borgoz the Fighter (Gargoyle Berserker)            Turns: 10796, Time: 00:11:20

Health: -1/71      AC: 15    Str: 21    XL:     11   Next: 8%
Magic:  11/11      EV: 18    Int:  8    God:    Trog [*****.]
Gold:   742        SH:  0    Dex: 12    Spells: 10/10 levels left

rFire    . . .     SeeInvis .   p - +2 flail (venom)
rCold    . . .     Faith    .   (no shield)
rNeg     + . .     Spirit   .   d - +0 ring mail
rPois    ∞         Reflect  .   (no helmet)
rElec    +         Harm     .   (no cloak)
rCorr    .         Rampage  .   (no gloves)
Will     .....                  (no boots)
Stlth    +.........             (no amulet)
HPRegen  0.21/turn              f - +4 ring of slaying
MPRegen  0.12/turn              u - +4 ring of evasion

@: berserk cooldown, slowed, very slow
A: negative energy resistance 1, electricity resistance, unbreathing,
petrification resistance, miasma immunity, AC +8
a: Renounce Religion, Berserk, Trog's Hand, Brothers in Arms


You were on level 10 of the Dungeon.
You worshipped Trog.
Trog was extremely pleased with you.
You visited 2 branches of the dungeon, and saw 11 of its levels.
You also visited: Ossuary.

You collected 742 gold pieces.

Inventory:

Hand Weapons
 p - a +2 flail of venom (weapon)
Armour
 d - a +0 ring mail (worn)
Jewellery
 f - a +4 ring of slaying (left hand)
 h - the ring of the Firefly {rPois rC- Will+ Str+2}
   (You found it on level 5 of the Dungeon)

   [ring of willpower]

   It affects your strength (+2).
   It makes you vulnerable to cold.
   It protects you from poison.
   It affects your willpower, your defense against some magical effects.
 u - a +4 ring of evasion (right hand)
Wands
 j - a wand of iceblast (6)
 v - a wand of paralysis (7)
Scrolls
 a - a scroll of fear
 c - a scroll of blinking
 g - 6 scrolls of remove curse
 i - 4 scrolls of fog
 l - 2 scrolls of enchant weapon
 m - a scroll of identify
 q - 2 scrolls of noise {unknown}
 w - a scroll of holy word
 x - a scroll of random uselessness {unknown}
Potions
 b - 4 potions of flight
 e - 3 potions of curing
 k - a potion of mutation
 n - 2 potions of berserk rage
 o - a potion of invisibility
 r - a potion of haste
 s - 3 potions of might
 t - a potion of cancellation


   Skills:
 + Level 9.4 Fighting
 * Level 9.2 Maces & Flails
 + Level 9.1 Armour
 * Level 7.5 Dodging


You had 10 spell levels left.
You didn't know any spells.
Your spell library was empty.

Dungeon Overview and Level Annotations

Branches:
Dungeon (10/15)            Temple (1/1) D:7         Ossuary (visited)
   Lair: D:8-11         Orc: D:9-12

Altars:
Ashenzari
Cheibriados
Dithmenos
Elyvilon
Fedhas
Gozag
Hepliaklqana
Kikubaaqudgha
Makhleb
Nemelex Xobeh
Okawaru
Qazlal
Ru
Sif Muna
Trog
Uskayaw
Vehumet
Wu Jian
Xom
Yredelemnul
Zin
The Shining One
Beogh

Shops:
D:8 =


Innate Abilities, Weirdness & Mutations

You are resistant to torment.
Your stone body is resilient. (AC +8)
You are immune to poison.
You resist negative energy. (rN+)
You are resistant to electric shocks. (rElec)
You can survive without breathing.
You are immune to petrification.
You are immune to miasma.


Message History

You kill the killer bee!
Trog accepts your kill. The wolf misses you. The killer bee misses you.
The wolf closely misses you. The killer bee barely misses you.
The wolf closely misses you.
You sock the wolf!
The wolf is poisoned.
The wolf is moderately wounded.
The killer bee misses you. The wolf closely misses you.
The killer bee misses you. The wolf completely misses you.
The killer bee closely misses you.
You closely miss the wolf.
The wolf is moderately wounded.
The killer bee stings you.
* * * LOW HITPOINT WARNING * * *
The wolf bites you but does no damage. The killer bee stings you!
* * * LOW HITPOINT WARNING * * *
The wolf barely misses you. The killer bee misses you.
You closely miss the killer bee. The wolf bites you but does no damage.
The killer bee barely misses you. The wolf completely misses you.
The killer bee closely misses you. The wolf bites you.
You die...

#.........#
#.........# .
#.........# ..
#.........# ...
#.........# . ..
#.........#
...♣.###.....<...#
♣..lh#.........#
#y@.........#
###.........#
#####.##### .# ..
#.# .#


You could see a basilisk, a wolf (very poisoned) and a killer bee.

Vanquished Creatures
  3 two-headed ogres
  A wraith (D:10)
  A wyvern (D:10)
  A steam dragon (D:9)
  Edmund (D:6)
  A water moccasin (D:10)
  5 orc warriors
  2 black bears
  3 wolves (D:10)
  7 ogres
  2 phantoms
  An elf zombie (Ossuary)
  6 bullfrogs
  A wyvern skeleton (D:6)
  2 scorpions
  8 killer bees
  4 wights (D:8)
  A howler monkey (D:5)
  2 electric eels (D:7)
  A human zombie (Ossuary)
  A centaur zombie (Ossuary)
  5 hounds
  4 orc priests
  4 jellies
  4 bullfrog skeletons
  A gnoll shaman (D:8)
  3 iguanas
  7 orc wizards
  6 worker ants
  A big kobold zombie (Ossuary)
  A hound zombie (D:9)
  2 hound skeletons (D:4)
  3 mummies
  10 gnolls
  12 adders
  2 shadow imps
  2 white imps
  An ooze (D:6)
  2 adder zombies (D:4)
  6 worms
  6 dart slugs
  6 leopard geckos
  76 orcs
  2 ball pythons
  10 bats
  5 giant cockroaches
  9 goblins
  5 hobgoblins
  3 jackals (D:1)
  7 quokkas
  5 frilled lizards
  A giant cockroach zombie (D:4)
  2 goblin zombies (Ossuary)
  11 hobgoblin zombies (Ossuary)
  2 jackal skeletons
  3 jackal zombies (Ossuary)
  9 kobolds
  8 kobold zombies (Ossuary)
  A leopard gecko zombie (D:4)
  8 orc zombies (Ossuary)
  A quokka skeleton (D:4)
  A quokka zombie (D:8)
  7 rats
  A rat zombie (Ossuary)
319 creatures vanquished.

Vanquished Creatures (others)
  3 fungi (D:10)
  15 plants (D:10)
18 creatures vanquished.

Grand Total: 337 creatures vanquished

Notes
Turn   | Place    | Note
-------+----------+-------------------------------------------
     0 | D:1      | Borgoz the Gargoyle Berserker began the quest for the Orb.
     0 | D:1      | Reached XP level 1. HP: 14/14 MP: 1/1
   268 | D:1      | Reached XP level 2. HP: 19/19 MP: 2/2
   583 | D:1      | Reached XP level 3. HP: 24/24 MP: 3/3
   634 | D:1      | Reached ** piety under Trog
  1028 | D:2      | Reached XP level 4. HP: 17/29 MP: 4/4
  1847 | D:3      | Reached XP level 5. HP: 33/33 MP: 5/5
  2307 | D:3      | Reached *** piety under Trog
  2530 | D:3      | Reached XP level 6. HP: 10/39 MP: 6/6
  2748 | D:3      | Found a shimmering altar of Xom.
  3671 | D:4      | Reached skill level 5 in Fighting
  3671 | D:4      | Reached XP level 7. HP: 44/44 MP: 7/7
  3674 | D:4      | Reached **** piety under Trog
  3816 | D:4      | Reached skill level 5 in Maces & Flails
  4138 | D:4      | Reached skill level 5 in Armour
  4368 | D:5      | Entered Level 5 of the Dungeon
  4379 | D:5      | Got a translucent granite ring
  4410 | D:5      | Identified the ring of the Firefly {rPois rC- Will+ Str+2}
                  | (You found it on level 5 of the Dungeon)
  4480 | D:5      | Reached XP level 8. HP: 45/51 MP: 8/8
  5687 | D:6      | Noticed Edmund
  5703 | D:6      | Killed Edmund
  6591 | D:7      | Found a staircase to the Ecumenical Temple.
  6620 | Temple   | Entered the Ecumenical Temple
  7176 | D:7      | Reached XP level 9. HP: 32/56 MP: 9/9
  7457 | D:7      | Reached skill level 5 in Dodging
  7952 | D:8      | Found a sand-covered staircase.
  7964 | Ossuary  | Entered an ossuary
  8074 | Ossuary  | Reached ***** piety under Trog
  8351 | D:8      | Noticed a two-headed ogre
  8352 | D:8      | Noticed a two-headed ogre
  8380 | D:8      | Killed a two-headed ogre
  8385 | D:8      | Killed a two-headed ogre
  8386 | D:8      | Reached XP level 10. HP: 34/65 MP: 10/10
  9100 | D:8      | Found Hiod's Jewellery Shoppe.
  9315 | D:8      | Received a gift from Trog
  9842 | D:9      | Noticed a two-headed ogre
  9857 | D:9      | Killed a two-headed ogre
 10067 | D:9      | Found a roughly hewn altar of Beogh.
 10428 | D:9      | Identified the +4 quarterstaff of Oleczip {vorpal, *Drain
                  | rC+ Int+6}
 10674 | D:10     | Entered Level 10 of the Dungeon
 10760 | D:10     | Reached XP level 11. HP: 71/71 MP: 11/11
 10795 | D:10     | HP: 3/71 [killer bee (7)]
 10796 | D:10     | Slain by a wolf

Illustrated notes

Levels and vault maps discovered:
D:1:      dpeg_arrival_solitude, layout_loops_cross
D:2:      layout_loops_cross
D:3:      layout_basic, tgw_xom
D:4:      layout_cave_pools, serial_undead, serial_undead_a, serial_undead_f,
          serial_undead_a, serial_undead_f, lemuel_old_faithful
D:5:      layout_basic
D:6:      layout_loops_corners, ebering_dispersal_statue_hall, uniq_edmund
D:7:      layout_basic, temple_fountains, dk_noncrumbling_3, lightli_minifort
D:8:      layout_gridville, gup_ossuary_entry_pyramid, special_room
          [special_room_orc], serial_shops, shop, minmay_misc_feat_secret_circle
D:9:      layout_roguey [special_room_orc]
D:10:     layout_roguey, minmay_lair_entry_grove, serial_shops,
          nicolae_shop_stone, okawaru_metal_pillars_1_2
Temple:   minmay_crystal_snake_temple

Skill      XL: |  1  2  3  4  5  6  7  8  9 10 11 |
---------------+----------------------------------+-----
Dodging        | 2 3 4 6 7 |  7.5
Armour         | 3 4 5 6 8 9 |  9.1
Fighting       | 4 5 6 8 9 |  9.4
Maces & Flails | 4 5 6 7 9 |  9.2

Action                   |  1- 3 |  4- 6 |  7- 9 | 10-12 || total
-------------------------+-------+-------+-------+-------++-------
Melee: Mace              |   114 |   251 |       |       ||   365
       Flail             |       |     6 |   319 |   317 ||   642
Invok: Berserk           |     1 |     4 |     6 |     2 ||    13
       Trog's Hand       |       |     1 |     2 |     2 ||     5
  Use: Scroll            |       |     8 |    11 |       ||    19
       Potion            |       |       |       |     1 ||     1
Armor: Ring mail         |    53 |   160 |   126 |   134 ||   473
Dodge: Dodged            |    61 |   199 |   238 |   478 ||   976

Table legend: (Time is in decaauts)
 A = Elapsed time spent in this place.
 B = Non-inter-level travel time spent in this place.
 C = Inter-level travel time spent in this place.
 D = Time resting spent in this place.
 E = Time spent auto-exploring this place.
 F = Levels seen in this place.
 G = Mean time per level.
                   A        B        C        D        E       F      G
               +--------+--------+--------+--------+--------+-----+--------+
         Total |  10993 |  10747 |    246 |   1621 |   7131 |  12 |  916.1 |
       Dungeon |  10433 |  10225 |    208 |   1490 |   6884 |  10 | 1043.3 |
        Temple |    212 |    174 |     38 |      0 |    174 |   1 |  212.0 |
       Ossuary |    347 |    347 |      0 |    131 |     73 |   1 |  347.0 |
               +--------+--------+--------+--------+--------+-----+--------+

Top non-repeatable levels by time:
     D:3: 1495 daAuts
     D:8: 1337 daAuts
     D:7: 1264 daAuts
     D:5: 1190 daAuts
     D:4: 1139 daAuts
     D:9: 1076 daAuts
     D:2: 1074 daAuts
     D:6: 935 daAuts
     D:1: 793 daAuts
 Ossuary: 347 daAuts
  Temple: 212 daAuts
    D:10: 127 daAuts
